 Dungeon Sprint DCSS version 0.28-a0-1555-g9ae15a6949 (webtiles) character file.

Game seed: 6532551787036360706

3483 howech the Cleaver (level 9, -6/90 HPs)
             Began as a Minotaur Gladiator on Jan 18, 2022.
             Was the Champion of Trog.
             Mangled by an alligator snapping turtle (30 damage)
             ... in the Dungeon (Sprint VII: "The Pits").
             The game lasted 00:07:12 (762 turns).

howech the Cleaver (Minotaur Gladiator)              Turns: 762, Time: 00:07:13

Health: -6/90      AC: 20    Str: 22    XL:     9   Next: 79%
Magic:  2/2        EV: 14    Int:  5    God:    Trog [******]
Gold:   0          SH:  0    Dex: 16    Spells: 8/8 levels left

rFire   . . .      SeeInvis .   q - +6 battleaxe (antimagic)
rCold   . . .      Faith    .   (shield currently unavailable)
rNeg    . . .      Spirit   .   u - +4 chain mail
rPois   .          Reflect  .   c - +0 hat
rElec   .          Harm     .   (no cloak)
rCorr   .          Rampage  .   (no gloves)
Will    ++...      NoTele   +   v - +0 pair of boots
Stlth   ..........              (no amulet)
HPRegen 1.25/turn               r - +3 ring of strength
MPRegen 0.08/turn               s - +3 ring of protection

@: flayed, strong-willed, regenerating, slowed, very slow
A: horns 2, retaliatory headbutt
a: Renounce Religion, Berserk, Trog's Hand, Brothers in Arms


You were in the Dungeon.
You worshipped Trog.
Trog was exalted by your worship.
You visited 1 branch

Inventory:

Hand Weapons
 a - a +0 war axe
 k - a +2 hand axe
 o - a +0 vorpal hand axe
 q - a +6 antimagic battleaxe (weapon)
 w - the +5 great sword "Meilitt" {antimagic, rPois rC- rN+ rCorr}
   (Trog gifted it to you in the Dungeon)

   It reduces the magical energy of the wielder, and disrupts the spells and
   magical abilities of those it strikes.
   Natural abilities and divine invocations are not affected.
   rC:        It makes you vulnerable to cold.
   rPois:     It protects you from poison.
   rN:        It protects you from negative energy.
   rCorr:     It protects you from acid and corrosion.
Missiles
 d - 4 throwing nets (quivered)
Armour
 b - a +0 leather armour
 c - a +0 hat (worn)
 p - a +3 chain mail
 u - a +4 chain mail (worn)
 v - a +0 pair of boots (worn)
Jewellery
 r - a +3 ring of strength (left hand)
 s - a +3 ring of protection (right hand)
Scrolls
 j - a scroll of blinking
 m - 5 scrolls of amnesia
 n - a scroll of summoning
Potions
 e - 8 potions of curing
 f - 6 potions of heal wounds
 g - 2 potions of haste
 h - 4 potions of magic
 i - 4 potions of berserk rage
 l - 2 potions of invisibility
 t - a potion of resistance


   Skills:
 + Level 12.0 Fighting
 + Level 14.0 Axes
 + Level 9.8 Throwing
 + Level 11.2 Armour
 + Level 12.6 Dodging


You had 8 spell levels left.
You didn't know any spells.
Your spell library was empty.

Dungeon Overview and Level Annotations

Branches:
Dungeon (1/1)

Altars:
Cheibriados
Dithmenos
Elyvilon
Fedhas
Gozag
Hepliaklqana
Makhleb
Nemelex Xobeh
Okawaru
Qazlal
Ru
Sif Muna
Trog
Vehumet
Wu Jian
Xom
Yredelemnul
Zin
The Shining One
Beogh
Jiyva
Lugonu

Annotations:
D Ijyb


Innate Abilities, Weirdness & Mutations

You have a pair of horns on your head.
You reflexively headbutt those who attack you in melee.


Message History

You feel much better.
The flayed ghost's magic is no longer disrupted.
The flayed ghost hits you but does no damage.
The freezing wraith hits you but does no damage.
The freezing wraith closely misses you.
The flayed ghost stares at you with tortured malice.
Terrible wounds spread across more of your body!
The freezing wraith hits you!
* * * LOW HITPOINT WARNING * * *
The freezing wraith freezes you!
* * * LOW HITPOINT WARNING * * *
The freezing wraith hits you but does no damage.
Unknown command.
You feel much better.
The flayed ghost hits you but does no damage.
The freezing wraith misses you. The freezing wraith closely misses you.
You barely miss the flayed ghost.
The flayed ghost is moderately damaged.
You barely miss the freezing wraith. The flayed ghost hits you.
The freezing wraith hits you but does no damage. x2
The flayed ghost hits you!
* * * LOW HITPOINT WARNING * * *
The alligator snapping turtle hisses angrily.
You feel much better. The flayed ghost hits you!!
* * * LOW HITPOINT WARNING * * *
The alligator snapping turtle barely misses you.
Unknown command.
You feel much better. The flayed ghost hits you!
The alligator snapping turtle barely misses you.
The flayed ghost stares at you with tortured malice.
Terrible wounds spread across more of your body!
Unknown command.
You barely miss the flayed ghost. Your headbutt misses the flayed ghost.
The flayed ghost is moderately damaged.
You slash the alligator snapping turtle!
The flayed ghost cries, "Suffer as I suffered!"
Terrible wounds spread across more of your body!
* * * LOW HITPOINT WARNING * * *
The alligator snapping turtle bites you!!
You die...

......##..# ##...##
......##..####.....#
......##..†##......#
########....)......+
########..†##......#
.#.![.##..####.....#
.#..[.##..##.##...##
.
.'..))##..##○W##.##
... .#..))##..#
#..#@#W...t
.#..))##..# #.W.tg.#
########### ########


You could see an alligator snapping turtle, a flayed ghost and Ijyb.

Vanquished Creatures
  Harold (D)
  A kobold demonologist (D)
  2 efreet (D)
  5 blink frogs (D)
  A jumping spider (D)
  A wyvern (D)
  A redback (D)
  Edmund (D)
  A floating eye (D)
  A black bear (D)
  A centaur (D)
  A phantom (D)
  A kobold brigand (D)
  A gnoll sergeant (D)
  A scorpion (D)
  A jelly (D)
  2 orc wizards (D)
  2 gnolls (D)
  3 adders (D)
  An orc (D)
  A ball python (D)
  An endoplasm (D)
  2 giant cockroaches (D)
  A hobgoblin (D)
  6 kobolds (D)
  A quokka (D)
  A ball python skeleton (D)
  2 frilled lizards (D)
  A rat (D)
45 creatures vanquished.

Notes
Turn   | Place    | Note
-------+----------+-------------------------------------------
     0 | D        | howech the Minotaur Gladiator began the quest for the Orb.
     0 | D        | Reached XP level 1. HP: 18/18 MP: 0/0
    40 | D        | Found a bloodstained altar of Trog.
    40 | D        | Found a shimmering blue altar of Sif Muna.
    40 | D        | Found a viscous altar of Jiyva.
    40 | D        | Found a hazy altar of Hepliaklqana.
    40 | D        | Found an opulent altar of Gozag.
    41 | D        | Found a glowing golden altar of the Shining One.
    41 | D        | Found a glowing silver altar of Zin.
    41 | D        | Found a basalt altar of Yredelemnul.
    41 | D        | Found a shimmering altar of Xom.
    41 | D        | Found an ornate altar of the Wu Jian Council.
    41 | D        | Found a sacrificial altar of Ru.
    41 | D        | Found a stormy altar of Qazlal.
    41 | D        | Found an iron altar of Okawaru.
    41 | D        | Found a sparkling altar of Nemelex Xobeh.
    41 | D        | Found a burning altar of Makhleb.
    41 | D        | Found a blossoming altar of Fedhas.
    41 | D        | Found a white marble altar of Elyvilon.
    41 | D        | Found a shadowy altar of Dithmenos.
    41 | D        | Found a snail-covered altar of Cheibriados.
    43 | D        | Found a corrupted altar of Lugonu.
    43 | D        | Found a radiant altar of Vehumet.
    44 | D        | Became a worshipper of Trog the Wrathful
    54 | D        | Reached skill level 4 in Axes
    60 | D        | Reached * piety under Trog
    63 | D        | Reached skill level 5 in Axes
    63 | D        | Reached XP level 2. HP: 18/26 MP: 1/1
   159 | D        | Noticed a black bear
   159 | D        | Noticed a floating eye
   163 | D        | Paralysed by a floating eye for 2 turns
   168 | D        | Killed a black bear
   169 | D        | Reached skill level 7 in Axes
   169 | D        | Reached XP level 3. HP: 30/34 MP: 2/2
   169 | D        | Reached XP level 4. HP: 36/41 MP: 3/3
   170 | D        | Killed a floating eye
   170 | D        | Reached ** piety under Trog
   171 | D        | Reached skill level 5 in Fighting
   171 | D        | Reached skill level 9 in Axes
   171 | D        | Reached XP level 5. HP: 43/48 MP: 4/4
   239 | D        | Noticed a centaur
   245 | D        | Reached *** piety under Trog
   248 | D        | Reached **** piety under Trog
   249 | D        | Reached XP level 6. HP: 52/57 MP: 5/5
   251 | D        | Reached skill level 10 in Axes
   256 | D        | Reached skill level 5 in Throwing
   256 | D        | Reached skill level 5 in Armour
   317 | D        | Reached ***** piety under Trog
   318 | D        | Reached XP level 7. HP: 67/67 MP: 6/6
   319 | D        | Received a gift from Trog
   362 | D        | Noticed an efreet
   362 | D        | Noticed an efreet
   367 | D        | Killed an efreet
   368 | D        | Reached skill level 11 in Axes
   368 | D        | Reached skill level 10 in Dodging
   371 | D        | Killed an efreet
   372 | D        | Reached XP level 8. HP: 21/78 MP: 2/7
   659 | D        | Noticed Edmund
   659 | D        | Noticed a kobold demonologist
   666 | D        | Killed a kobold demonologist
   667 | D        | Reached skill level 12 in Axes
   671 | D        | Received a gift from Trog
   673 | D        | Killed Edmund
   674 | D        | Reached skill level 10 in Fighting
   696 | D        | Noticed a blink frog
   696 | D        | Noticed a blink frog
   696 | D        | Noticed a blink frog
   696 | D        | Noticed a blink frog
   696 | D        | Noticed a blink frog
   696 | D        | Noticed Harold
   702 | D        | Killed a blink frog
   705 | D        | Reached XP level 9. HP: 71/86 MP: 2/8
   710 | D        | Reached skill level 13 in Axes
   721 | D        | Reached skill level 10 in Armour
   721 | D        | Killed Harold
   721 | D        | Identified the +5 great sword "Meilitt" {antimagic, rPois
                  | rC- rN+ rCorr} (Trog gifted it to you in the Dungeon)
   721 | D        | Received a gift from Trog
   725 | D        | Reached ****** piety under Trog
   749 | D        | Noticed a freezing wraith
   750 | D        | Noticed a flayed ghost
   750 | D        | Noticed Ijyb
   750 | D        | Noticed an alligator snapping turtle
   755 | D        | Reached skill level 14 in Axes
   762 | D        | Mangled by an alligator snapping turtle

Illustrated notes

Levels and vault maps discovered:
D:        pitsprint [storerooms_1, entrance_room_1, metal_vault_3, armoury_1,
          mini_pit_1, grid_room_1, main_hall_1, silver_pit, the_coven_3,
          the_vestibule_1, steel_vault_2, golden_pit, hallway_of_sentries,
          crystal_vault_4, iron_vault_2, final_vault]

Skill      XL: |  1  2  3  4  5  6  7  8  9 |
---------------+----------------------------+-----
Axes           | 5 7 9 10 11 12 14 | 14.0
Fighting       | 3 4 5 6 7 9 10 12 | 12.0
Dodging        | 4 6 8 9 10 11 12 | 12.6
Throwing       | 3 4 5 7 8 9 |  9.8
Armour         | 2 3 4 6 8 9 11 | 11.2

Action                   |  1- 3 |  4- 6 |  7- 9 || total
-------------------------+-------+-------+-------++-------
Melee: Hand axe          |     8 |    34 |     3 ||    45
       War axe           |     2 |       |       ||     2
       Headbutt          |     1 |     5 |     7 ||    13
       Battleaxe         |       |       |    54 ||    54
Invok: Berserk           |     1 |     2 |     1 ||     4
       Trog's Hand       |       |     2 |     3 ||     5
  Use: Potion            |       |       |     4 ||     4
Armor: Leather armour    |     4 |       |       ||     4
       Chain mail        |       |     8 |    34 ||    42
Dodge: Dodged            |    10 |    14 |    56 ||    80

Table legend: (Time is in decaauts)
 A = Elapsed time spent in this place.
 B = Non-inter-level travel time spent in this place.
 C = Inter-level travel time spent in this place.
 D = Time resting spent in this place.
 E = Time spent auto-exploring this place.
 F = Levels seen in this place.
 G = Mean time per level.
                   A        B        C        D        E       F      G
               +--------+--------+--------+--------+--------+-----+--------+
         Total |    796 |    796 |      0 |    293 |      0 |   1 |  796.0 |
       Dungeon |    796 |    796 |      0 |    293 |      0 |   1 |  796.0 |
               +--------+--------+--------+--------+--------+-----+--------+

Top non-repeatable levels by time:
       D: 796 daAuts
